 Dungeon Crawl Stone Soup version 0.28.0-45-g0d030f2227 (webtiles) character file.

Game seed: 13574067752110576972

79 zeratav the Insei (level 4, -2/29 HPs)
             Began as an Octopode Transmuter on Apr 7, 2022.
             Slain by a goblin
             ... wielding a +0 dagger
             ... led by Robin
              (4 damage)
             ... on level 3 of the Dungeon.
             The game lasted 00:04:32 (1526 turns).

zeratav the Insei (Octopode Transmuter)             Turns: 1526, Time: 00:04:32

Health: -2/29      AC:  1    Str:  9    XL:     4   Next: 37%
Magic:  7/7        EV: 13    Int: 15    God:
Gold:   70         SH:  0    Dex: 14    Spells: 6/7 levels left

rFire   . . .      SeeInvis .     - Unarmed
rCold   . . .      Faith    .   (no shield)
rNeg    + . .      Spirit   .   (helmet restricted)
rPois   .          Reflect  .   (no amulet)
rElec   .          Harm     .   h - ring of positive energy
rCorr   .          Rampage  .   (no ring)
Will    .....                   (no ring)
Stlth   ++++......              (no ring)
HPRegen 0.09/turn               (no ring)
MPRegen 0.10/turn               (no ring)
                                (no ring)
                                (no ring)

@: no status effects
A: almost no armour, amphibious, 8 rings, camouflage 1, gelatinous body 1,
nimble swimmer 1, tentacles
a: no special abilities


You were on level 3 of the Dungeon.
You visited 1 branch of the dungeon, and saw 3 of its levels.

You collected 70 gold pieces.


Innate Abilities, Weirdness & Mutations

You cannot wear most types of armour.
You are amphibious.
You can wear up to eight rings at the same time.
Your skin changes colour to match your surroundings (Stealth+).
Your rubbery body absorbs attacks. (AC +1, EV +1)
You are camouflaged when in or above water. (Stealth+)
You have tentacles for arms and can constrict up to eight enemies at once.


   Skills:
 + Level 2.0 Fighting
 + Level 2.6 Dodging
 + Level 2.2 Stealth
 * Level 3.9 Unarmed Combat
 - Level 2.0 Spellcasting
 - Level 2.0 Transmutations


You had 6 spell levels left.
You knew the following spells:

 Your Spells              Type           Power      Damage    Failure   Level
a - Beastly Appendage     Tmut           14%        N/A       10%         1

Your spell library contained the following spells:

 Spells                   Type           Power      Damage    Failure   Level
 Wereblood                Tmut           7%         N/A       14%         2
 Spider Form              Tmut/Pois      4%         N/A       41%         3
 Gell's Gravitas          Tloc           1%         N/A       54%         3
 Lesser Beckoning         Tloc           1%         N/A       54%         3
 Teleport Other           Tloc           1%         N/A       54%         3
 Tukima's Dance           Hex            1%         N/A       54%         3
 Ice Form                 Ice/Tmut       4%         N/A       82%         4
 Anguish                  Hex/Necr       0%         N/A       91%         4
 Enfeeble                 Hex            0%         N/A       100%        7

Inventory:

Armour
 k - an orb of energy
   (You found it on level 2 of the Dungeon)
Jewellery
 h - a ring of positive energy (left tentacle)
   (You found it on level 2 of the Dungeon)
Scrolls
 a - 2 scrolls of noise {unknown}
 b - a scroll of identify {unknown}
 c - a scroll of vulnerability {unknown}
 d - a scroll of fear {unknown}
 f - a scroll of enchant armour {unknown}
 i - a scroll of magic mapping {unknown}
 j - a scroll of teleportation {unknown}
Potions
 e - a potion of flight {unknown}
 g - a potion of lignification {unknown}

Dungeon Overview and Level Annotations

Branches:
Dungeon (3/15)

Altars:

Portals:
Sewer: D:3

Annotations:
D:3 Robin

####### #######
......##########.....###
......'...).ogo......"..
##....######g.#oo.#....#
##...)#####...≈≈og≈....#
..[.......g.#≈gg≈≈≈≈#..#
###....####$≈≈≈≈@g≈≈≈..#
#........g...≈≈≈∩≈≈≈...#
#.#..........≈≈≈≈≈≈≈..##
#.#.........#≈≈≈≈≈≈≈#.#
#.####......:.≈≈≈≈≈...#
..# #........#...#..##
### #..............##
#............#.. ...


You could see Robin, an orc priest, 4 orcs, 2 hobgoblins and 5 goblins.


Message History

HP[-1]
You take 1 damage, and now have 26/29 hp.
You closely miss the ball python. You grab the ball python.
You tentacle-slap the ball python. You constrict the ball python.
The ball python bites you. The ball python constricts you.
HP[-3]
You take 3 damage, and now have 23/29 hp.
You tentacle-slap the ball python.
You kill the ball python!
The goblin unwields a +0 dagger.
The goblin wields a +0 hunting sling.
The goblin shoots a stone.
The stone misses you.
The goblin shoots a stone.
The stone completely misses you.
There is an open door here.
HP[+1]
The goblin unwields a +0 hunting sling.
The goblin wields a +0 club.
The goblin closely misses you.
You tentacle-slap the goblin. Your grab misses the goblin.
You pierce the goblin.
You kill the goblin!
The goblin shoots a stone.
The stone closely misses you.
Things that are here:
a +0 club {mace}; a +0 hunting sling {sling}; 24 stones {throwing} MP[+1]
Your mp is fully restored (7).
The goblin shoots a stone.
The stone hits you.
HP[-1]
You take 1 damage, and now have 23/29 hp.
Your transformation is almost over.
The goblin shoots a stone.
The stone hits you.
There is an open door here.
HP[-3]
You take 3 damage, and now have 20/29 hp.
The goblin shoots a stone.
The stone closely misses you.
The goblin shoots a stone.
The stone hits you.
HP[-1]
You take 1 damage, and now have 19/29 hp.
An orc comes into view. It is wielding a +0 club.
The goblin unwields a +0 hunting sling.
The goblin wields a +0 dagger.
The goblin closely misses you.
You closely miss the goblin. Your grab misses the goblin.
You pierce the goblin.
Your squeeze misses the goblin. The goblin hits you with a +0 dagger.
HP[-4]
You take 4 damage, and now have 15/29 hp.
You miss the goblin. Your grab misses the goblin.
Your tentacle spike misses the goblin.
The goblin closely misses you. The goblin hits you with a +0 dagger.
* * * LOW HITPOINT WARNING * * *
HP[-1]
You take 1 damage, and now have 14/29 hp.
You tentacle-slap the goblin.
You kill the goblin!
The goblin hits you with a +0 dagger.
* * * LOW HITPOINT WARNING * * *
HP[-1]
You take 1 damage, and now have 13/29 hp.
You barely miss the goblin. You grab the goblin.
You pierce the goblin.
You kill the goblin!
Robin roars a battlecry!
The goblin goes into a battle-frenzy!
You hear a shout!
HP[+1]
An orc comes into view. It is wielding a +0 club.
The orc shouts!
You hear a shout! x2
Items here: ( ))) †.
The dart slug bites you.
* * * LOW HITPOINT WARNING * * *
HP[-1]
You take 1 damage, and now have 13/29 hp.
You tentacle-slap the dart slug. You grab the dart slug.
You squeeze the dart slug!
You kill the dart slug!
Your tentacle spike disappears.
The goblin barely misses you.
A goblin comes into view. It is wielding a +0 club.
Your Fighting skill increases to level 2!
A goblin and a hobgoblin come into view.
The orc closely misses you. The orc hits you but does no damage.
The orc hits you with a +0 club.
* * * LOW HITPOINT WARNING * * *
The orc hits you with a +0 club.
* * * LOW HITPOINT WARNING * * *
Robin says, "My goblins will feast on your bones."
HP[-7]
You take 7 damage, and now have 6/29 hp.
MASSIVE DAMAGE!! (PAUSE)
The hobgoblin shouts!
The orc misses you. The orc barely misses you.
A goblin comes into view. It is wielding a +0 dagger.
Robin throws the goblin at you! The goblin hits you with a +0 dagger.
* * * LOW HITPOINT WARNING * * *
Robin throws the goblin at you!
* * * LOW HITPOINT WARNING * * *
A hobgoblin comes into view.
HP[-4]
You take 4 damage, and now have 2/29 hp.
The goblin hits you with a +0 dagger.
You die...

Skill      XL: |  1  2  3  4 |
---------------+-------------+-----
Stealth        | 1 2 |  2.2
Fighting       | 2 |  2.0
Dodging        | |  2.6
Unarmed Combat | |  3.9
Spellcasting   | |  2.0
Transmutations | |  2.0

Action                   |  1- 3 |  4- 6 || total
-------------------------+-------+-------++-------
Melee: Unarmed           |    64 |    28 ||    92
       Constrict         |    22 |     8 ||    30
       Tentacles         |    15 |     2 ||    17
       Kick              |    16 |    10 ||    26
       Punch             |     4 |     2 ||     6
 Cast: Beastly Appendage |    22 |    11 ||    33
 Stab: Sleeping          |    11 |     1 ||    12
Armor: Skin              |     7 |     4 ||    11
Dodge: Dodged            |    32 |    21 ||    53

Levels and vault maps discovered:
D:1:      lightli_arrival_flooded_house, layout_loops_cross
D:2:      layout_rooms, basic_ecumenical_altar, minmay_tetromino_t4
D:3:      layout_basic, serial_shops, shop, cheibrodos_sewer_entry_drain,
          uniq_crazy_yiuf_cottage, uniq_robin

Notes
Turn   | Place    | Note
-------+----------+-------------------------------------------
     0 | D:1      | zeratav the Octopode Transmuter began the quest for the
                  | Orb.
     0 | D:1      | Reached XP level 1. HP: 13/13 MP: 3/3
     0 | D:1      | magus.rc [v1.9.6]
    55 | D:1      | Reached XP level 2. HP: 18/18 MP: 5/5
    60 | D:1      | Reached skill level 1 in Stealth
   388 | D:1      | Reached XP level 3. HP: 23/23 MP: 4/6
   509 | D:1      | You pick up a book of Displacement and begin reading...
   509 | D:1      | You add the spells Lesser Beckoning, Gell's Gravitas and
                  | Teleport Other to your library.
   818 | D:2      | Found a faded altar of an unknown god.
   972 | D:2      | Reached skill level 2 in Stealth
   972 | D:2      | Reached XP level 4. HP: 28/29 MP: 5/7
  1063 | D:2      | You pick up a book of Maledictions and begin reading...
  1063 | D:2      | You add the spells Tukima's Dance, Anguish and Enfeeble to
                  | your library.
  1485 | D:3      | Found a glowing drain.
  1487 | D:3      | Noticed Robin
  1520 | D:3      | Reached skill level 2 in Fighting
  1521 | D:3      | HP: 6/29 [orc/+0 club (5)]
  1525 | D:3      | HP: 2/29 [Robin/goblin (2)]
  1526 | D:3      | Slain by a goblin

Vanquished Creatures
  2 adders (D:2)
  3 dart slugs
  An orc (D:3)
  3 ball pythons
  7 bats
  4 endoplasms
  4 giant cockroaches
  5 goblins
  8 hobgoblins
  4 kobolds
  9 rats
50 creatures vanquished.

Table legend:
 A = Non-vault XP
 B = Vault XP
 C = Vault XP percentage of total XP
 D = Non-vault monster count
 E = Vault monster count
 F = Vault count percentage of total count
                 A         B        C        D         E       F
            +---------+---------+-------+---------+---------+-------
      Total |     103 |      10 |   8.8 |      44 |       6 |  12.0
            +---------+---------+-------+---------+---------+-------
        D:1 |      48 |       0 |   0.0 |      25 |       0 |   0.0
        D:2 |      43 |       2 |   4.4 |      14 |       1 |   6.7
        D:3 |      12 |       8 |  40.0 |       5 |       5 |  50.0
            +---------+---------+-------+---------+---------+-------

Illustrated notes

Table legend:
 A = Kills in this place as a percentage of kills in entire the game.
 B = Kills by you in this place as a percentage of kills by you in the entire game.
 C = Kills by friends in this place as a percentage of kills by friends in the entire game.
 D = Other kills in this place as a percentage of other kills in the entire game.
 E = Experience gained in this place as a percentage of experience gained in the entire game.
 F = Experience gained in this place divided by the number of levels of this place that you have seen.
                   A       B       C       D       E      F
               +-------+-------+-------+-------+-------+----------------------
         Total | 100.0 | 100.0 |   N/A |   N/A | 100.0 |  37.7
       Dungeon | 100.0 | 100.0 |   N/A |   N/A | 100.0 |  37.7
               +-------+-------+-------+-------+-------+----------------------

Table legend: (Time is in decaauts)
 A = Elapsed time spent in this place.
 B = Non-inter-level travel time spent in this place.
 C = Inter-level travel time spent in this place.
 D = Time resting spent in this place.
 E = Time spent auto-exploring this place.
 F = Levels seen in this place.
 G = Mean time per level.
                   A        B        C        D        E       F      G
               +--------+--------+--------+--------+--------+-----+--------+
         Total |   1519 |   1473 |     46 |      0 |   1088 |   3 |  506.3 |
       Dungeon |   1519 |   1473 |     46 |      0 |   1088 |   3 |  506.3 |
               +--------+--------+--------+--------+--------+-----+--------+

Top non-repeatable levels by time:
     D:1: 816 daAuts
     D:2: 562 daAuts
     D:3: 141 daAuts
